 Dungeon Crawl Stone Soup version 0.20-a0-854-g0cc194a (console) character file.

23170 nht the Executioner (level 13, -3/95 HPs)
             Began as a Hill Orc Gladiator on Mar 11, 2017.
             Was an Initiate of Gozag.
             Slain by a death yak (16 damage)
             ... on level 6 of the Lair of Beasts.
             The game lasted 00:20:21 (13490 turns).

nht the Executioner (Hill Orc Gladiator)           Turns: 13490, Time: 00:20:22

Health: -3/95      AC: 14    Str: 18    XL:     13   Next: 5%
Magic:  13/13      EV:  6    Int: 12    God:    Gozag
Gold:   801        SH:  0    Dex: 12    Spells: 12/12 levels left

rFire    . . .     SeeInvis +   a - +8 exec axe {freezing cloud, *Noise +Fly rC+}
rCold    + + +     Gourm    .   o - +0 plate armour
rNeg     . . .     Faith    .   (shield currently unavailable)
rPois    .         Spirit   .   c - +0 helmet
rElec    .         Reflect  .   e - scarf {rC+}
rCorr    .         Harm     .   b - +0 pair of gloves
MR       .....                  l - +0 pair of boots
Stlth    ..........             F - amulet of magic regeneration
Regen    0.0/turn               i - ring of see invisible
MPRegen  0.2/turn               t - ring of stealth

@: about to teleport
A: cold resistance 1, inhibited regeneration
a: Potion Petition, Call Merchant, Bribe Branch, Renounce Religion, Evoke Flight


You were on level 6 of the Lair of Beasts.
You worshipped Gozag.
Gozag was pleased with you.
You were very hungry.

You visited 3 branches of the dungeon, and saw 15 of its levels.

You collected 2621 gold pieces.
You spent 826 gold pieces at shops.
You paid 994 gold pieces to Gozag.

Inventory:

Hand Weapons
 a - the +8 frozen axe "Frostbite" (weapon) {freezing cloud, *Noise +Fly rC+}
   (You bought it in a shop on level 4 of the Dungeon)

   It has been specially enchanted to freeze those struck by it, causing extra
   injury to most foes and up to half again as much damage against particularly
   susceptible opponents.
   It can also slow down cold-blooded creatures.
   It protects you from cold.
   It lets you fly.
   It may make noises in combat.
Missiles
 d - 3 throwing nets (quivered)
 g - 4 tomahawks
 s - 2 tomahawks of returning
 E - 5 javelins of penetration
Armour
 b - a +0 pair of gloves (worn)
 c - a +0 helmet (worn)
 e - a scarf of cold resistance (worn)
 l - a +0 pair of boots (worn)
 o - a +0 plate armour (worn)
Jewellery
 i - a ring of see invisible (right hand)
 t - a ring of stealth (left hand)
 u - an uncursed ring of ice
 D - an uncursed ring of magical power
 F - an amulet of magic regeneration (around neck)
Wands
 q - a wand of confusion (28/48)
 H - a wand of acid (0/15)
 I - a wand of iceblast (7/15)
Scrolls
 j - 8 scrolls of teleportation
 n - 4 scrolls of remove curse
 r - 6 scrolls of identify
 v - 3 scrolls of enchant weapon
 w - 5 scrolls of magic mapping
Potions
 h - 3 potions of cancellation
 k - 3 potions of heal wounds
 x - a potion of brilliance
Books
 y - a Young Poisoner's Handbook

   Spells                             Type                      Level
   a - Sting                          Conjuration/Poison           1
   b - Poisonous Vapours              Poison/Air                   2
   c - Mephitic Cloud                 Conjuration/Poison/Air       3
   d - Olgreb's Toxic Radiance        Poison                       4
   e - Venom Bolt                     Conjuration/Poison           5
 A - a book of Frost

   Spells                             Type                      Level
   a - Freeze                         Ice                          1
   b - Throw Frost                    Conjuration/Ice              2
   c - Ozocubu's Armour               Charms/Ice                   3
   d - Throw Icicle                   Conjuration/Ice              4
   e - Summon Ice Beast               Ice/Summoning                4
 J - a book of Beasts

   Spells                             Type                      Level
   a - Summon Butterflies             Summoning                    1
   b - Call Canine Familiar           Summoning                    3
   c - Summon Ice Beast               Ice/Summoning                4
   d - Summon Mana Viper              Hexes/Summoning              5
   e - Summon Hydra                   Summoning                    7
Comestibles
 f - 10 bread rations
 m - a meat ration
 B - 3 royal jellies
 C - 12 fruits


   Skills:
 + Level 3.4 Fighting
 + Level 24.1 Axes
 - Level 1.7 Throwing
 + Level 2.1 Armour
 - Level 2.4 Dodging


You had 12 spell levels left.
You didn't know any spells.

Dungeon Overview and Level Annotations

Branches:
Dungeon (8/15)             Temple (1/1) D:6            Lair (6/6) D:8
 Shoals (0/4) Lair:3        Snake (0/4) Lair:2
  Slime: Lair:5-6

Altars:
Ashenzari
Cheibriados
Dithmenos
Elyvilon
Fedhas
Gozag
Hepliaklqana
Kikubaaqudgha
Makhleb
Nemelex Xobeh
Okawaru
Qazlal
Ru
Sif Muna
Trog
Uskayaw
Vehumet
Wu Jian
Xom
Yredelemnul
Zin
The Shining One

Shops:
D:4 (

Annotations:
D:6 Alarkh's ghost, novice DsMo


Innate Abilities, Weirdness & Mutations

Your flesh is cold resistant. (rC+)
You do not regenerate when monsters are visible.


Message History

The death yak gores you!
The death yak gores the plant.
You hit the death yak. You freeze the death yak.
The death yak is moderately wounded.
The death yak gores you!!
You slice the death yak!! You freeze the death yak.
The death yak is heavily wounded.
The death yak gores the plant!
You hit the death yak. You freeze the death yak.
The death yak is severely wounded.
The death yak gores you!!
* * * LOW HITPOINT WARNING * * *
The death yak gores the plant but does no damage.
You are too injured to fight recklessly!
Okay, then.
Evoke which item? (* to show all) (? for menu, Esc to quit)
Okay, then.
As you read the scroll of teleportation, it crumbles to dust.
You feel strangely unstable. The death yak gores you!
You die...
Your body crumbles into a pile of gold. ███████ ██ ████

███.█.█.████P█
██████P.███..█...█...P..
█....YY.................
█.Y?█.Y.Y...............
P ████YP.█............
█Y████............ █@█
█.............
█.....███P....<......
P........█ █............
P..██..... ██...........
█. ██?.███ █...........


████ █........... █..........█ █..........█ █..........█ You could see 3 death
yaks.

Vanquished Creatures
  Josephine (Lair:4)
  A hydra (Lair:3)
  A two-headed ogre (D:8)
  Pikel (D:6)
  An ugly thing (D:8)
  5 black mambas
  A torpor snail (Lair:2)
  3 spiny frogs
  A komodo dragon (Lair:3)
  Prince Ribbit (D:7)
  8 hippogriffs
  Grinder (D:3)
  9 blink frogs
  3 dream sheep (Lair:2)
  5 wraiths (Lair:4)
  28 yaks
  5 wyverns
  A hungry ghost (D:7)
  3 basilisks
  Menkaure (D:5)
  2 nagas (Lair:2)
  5 water moccasins
  8 porcupines
  An eye of draining (D:3)
  An ice beast (D:8)
  4 orc warriors
  7 ogres
  13 wolves
  6 centaurs
  10 crocodiles
  3 big kobolds
  11 bullfrogs
  Blork the orc (D:6)
  A water moccasin zombie (D:5)
  2 scorpions
  A water moccasin skeleton (D:5)
  A crimson imp (D:5)
  6 hounds
  2 orc priests (D:7)
  2 iguanas
  A bullfrog skeleton (D:6)
  Jessica (D:3)
  A centaur skeleton (D:6)
  7 orc wizards
  6 worker ants
  3 hound skeletons
  13 adders
  A shadow imp (D:6)
  3 oozes
  An adder skeleton (D:5)
  A worm (D:5)
  2 dart slugs
  3 leopard geckos
  23 orcs
  2 ball pythons (D:4)
  3 bats (D:2)
  6 giant cockroaches
  13 goblins
  6 hobgoblins
  18 jackals
  15 kobolds
  4 quokkas
  5 frilled lizards
  2 leopard gecko skeletons
  A quokka zombie (D:7)
  5 rats
  A bush (D:8)
  5 fungi
  7 plants
326 creatures vanquished.

Vanquished Creatures (others)
  A slave (D:6)
  2 orcs (D:6)
  6 fungi
  3 plants
12 creatures vanquished.

Grand Total: 338 creatures vanquished

Notes
Turn   | Place    | Note
-------+----------+-------------------------------------------
     0 | D:1      | nht the Hill Orc Gladiator began the quest for the Orb.
     0 | D:1      | Reached XP level 1. HP: 18/18 MP: 1/1
   242 | D:1      | Reached XP level 2. HP: 17/25 MP: 2/2
   440 | D:1      | Reached skill level 5 in Axes
   919 | D:1      | Reached XP level 3. HP: 23/30 MP: 3/3
   964 | D:2      | Reached skill level 6 in Axes
   991 | D:2      | Reached XP level 4. HP: 23/37 MP: 4/4
  1355 | D:2      | Found a burning altar of Makhleb.
  1606 | D:2      | Reached skill level 7 in Axes
  1628 | D:2      | Found a sacrificial altar of Ru.
  1909 | D:2      | Became a worshipper of Ru the Awakened
  2015 | D:3      | Reached XP level 5. HP: 40/42 MP: 5/5
  2109 | D:3      | Found a radiant altar of Vehumet.
  2133 | D:3      | Noticed Jessica
  2138 | D:3      | Killed Jessica
  2138 | D:3      | Reached skill level 8 in Axes
  2259 | D:3      | Noticed a centaur
  2273 | D:3      | Killed a centaur
  2273 | D:3      | Reached XP level 6. HP: 31/50 MP: 6/6
  2487 | D:3      | Reached skill level 9 in Axes
  2608 | D:3      | Noticed Grinder
  2634 | D:3      | Killed Grinder
  2634 | D:3      | Reached skill level 10 in Axes
  2634 | D:3      | Reached XP level 7. HP: 37/56 MP: 7/7
  2649 | D:3      | Found a bloodstained altar of Trog.
  2735 | D:4      | Found Efeun's Weapon Boutique.
  3126 | D:4      | Reached skill level 11 in Axes
  3249 | D:4      | Reached XP level 8. HP: 21/62 MP: 8/8
  3494 | D:4      | Reached skill level 12 in Axes
  3500 | D:4      | Found an iron altar of Okawaru.
  3732 | D:5      | Entered Level 5 of the Dungeon
  3737 | D:5      | Found a white marble altar of Elyvilon.
  3751 | D:5      | Found a deep blue altar of Sif Muna.
  3772 | D:5      | Noticed Menkaure
  3779 | D:5      | Killed Menkaure
  3879 | D:5      | Found an ancient bone altar of Kikubaaqudgha.
  3975 | D:5      | Reached skill level 13 in Axes
  4421 | D:6      | Noticed Pikel
  4441 | D:6      | HP: 2/62 [Pikel/whip of electrocution (20)]
  4443 | D:6      | Killed Pikel
  4443 | D:6      | Reached skill level 14 in Axes
  4443 | D:6      | Reached XP level 9. HP: 15/68 MP: 9/9
  4675 | D:6      | Noticed Blork the orc
  4683 | D:6      | Killed Blork the orc
  4684 | D:6      | Found a staircase to the Ecumenical Temple.
  4771 | D:6      | Reached skill level 15 in Axes
  4839 | D:6      | Found a shadowy altar of Dithmenos.
  4949 | D:6      | Noticed Alarkh's ghost (novice DsMo)
  5370 | Temple   | Entered the Ecumenical Temple
  5615 | Temple   | Fell from the grace of Ru
  5615 | Temple   | Became a worshipper of Gozag Ym Sagoz the Greedy
  5894 | D:7      | Reached skill level 16 in Axes
  5895 | D:7      | Noticed Prince Ribbit
  5904 | D:7      | Killed Prince Ribbit
  6033 | D:7      | Found a basalt altar of Yredelemnul.
  6085 | D:7      | Reached skill level 17 in Axes
  6085 | D:7      | Reached XP level 10. HP: 23/74 MP: 10/10
  6692 | D:7      | Found a shimmering altar of Xom.
  7059 | D:8      | Gained mutation: You do not regenerate when monsters are visible. [potion of mutation]
  7059 | D:8      | Gained mutation: Your flesh is cold resistant. (rC+) [potion of mutation]
  7083 | D:8      | Reached skill level 18 in Axes
  7137 | D:8      | Found a staircase to the Lair.
  7398 | D:8      | Noticed a green ugly thing
  7405 | D:8      | Killed a green ugly thing
  7405 | D:8      | Reached skill level 19 in Axes
  7602 | D:8      | Found a glowing golden altar of the Shining One.
  7675 | D:8      | Noticed a two-headed ogre
  7691 | D:8      | Killed a two-headed ogre
  7691 | D:8      | Reached XP level 11. HP: 23/80 MP: 11/11
  8270 | D:4      | Bought 5 javelins of penetration for 120 gold pieces
  8270 | D:4      | Bought the +8 frozen axe "Frostbite" {freezing cloud, *Noise +Fly rC+} for 706 gold pieces
  8376 | Lair:1   | Entered Level 1 of the Lair of Beasts
  8396 | Lair:1   | Reached skill level 20 in Axes
  8984 | Lair:1   | Found a sparkling altar of Nemelex Xobeh.
  9304 | Lair:1   | Reached skill level 21 in Axes
  9557 | Lair:2   | Found a staircase to the Snake Pit.
  9877 | Lair:2   | Noticed an eight-headed hydra
  9880 | Lair:2   | Noticed a seven-headed hydra
  9968 | Lair:3   | Found a staircase to the Shoals.
  9990 | Lair:3   | Reached XP level 12. HP: 22/88 MP: 12/12
 10013 | Lair:3   | Reached skill level 22 in Axes
 10378 | Lair:3   | Noticed a seven-headed hydra
 10383 | Lair:3   | Killed a nine-headed hydra
 11016 | Lair:4   | Noticed Josephine
 11026 | Lair:4   | Killed Josephine
 11390 | Lair:4   | Reached skill level 23 in Axes
 12412 | Lair:5   | Reached skill level 24 in Axes
 12705 | Lair:5   | Reached skill level 1 in Armour
 12823 | Lair:5   | Reached XP level 13. HP: 87/93 MP: 13/13
 13117 | Lair:6   | Entered Level 6 of the Lair of Beasts
 13490 | Lair:6   | Slain by a death yak

Vault maps used:
D:1:      scummos_arrival_gate, item_on_display_a
D:2:      lemuel_upstairs_altar, nicolae_ru_the_path_less_chosen,
          lemuel_crystal_altar, minmay_tromino_v7
D:3:      nicolae_overflow_hidden_temple, trog_eyes_of_draining,
          minmay_statues_item, uniq_jessica, uniq_grinder
D:4:      okawaru_altar_gauntlet_db, first_bread, serial_shops, shop
D:5:      kennysheep_little_box, elyvilon_altar_5, basic_altar, serial_bayou,
          serial_bayou_lake_a, serial_bayou_pond_d, serial_bayou_pond_c,
          serial_bayou_shore_a, serial_bayou_pond_d, serial_bayou_pond_b,
          uniq_menkaure, uniq_crazy_yiuf_cottage
D:6:      minmay_diamond_boxcup, old_standard_altar,
          minmay_temple_entry_nine_rooms, kennysheep_generic_room_15,
          uniq_blork_the_orc, uniq_pikel
D:7:      kennysheep_mini, yredelemnul_altar_generic, uniq_prince_ribbit1
D:8:      lemuel_round_altar, minmay_lair_entry_grove
Temple:   minmay_temple_curvy_loop
Lair:1:   basic_altar, lemuel_fruit_tree
Lair:2:   guppyfry_snake_entry_garden, grunt_megastairs_1
Lair:3:   minmay_shoals_entry_centaurs
Lair:4:   uniq_josephine
Lair:6:   hangedman_lair_in_review, guppyfry_lair_end_dragon, slime_altar_2,
          infiniplex_staircase_pool

Skill      XL: |  1  2  3  4  5  6  7  8  9 10 11 12 13 |
---------------+----------------------------------------+-----
Axes           | 5 6 7 8 10 11 14 17 19 21 24 | 24.1
Armour         | 1 2 |  2.1
Fighting       | 3 |  3.4
Throwing       | |  1.7
Dodging        | |  2.4

Action                   |  1- 3 |  4- 6 |  7- 9 | 10-12 | 13-15 || total
-------------------------+-------+-------+-------+-------+-------++-------
Melee: War axe           |    67 |   170 |   298 |   197 |       ||   732
       Executioner's axe |       |       |       |   223 |    30 ||   253
Invok: Reject Sacrifices |       |       |     1 |       |       ||     1
       Potion Petition   |       |       |       |     3 |       ||     3
Evoke: Wand              |       |       |     4 |    21 |       ||    25
  Use: Potion            |       |     9 |     3 |     6 |       ||    18
       Scroll            |       |       |     7 |     7 |     1 ||    15
 Stab: Sleeping          |       |       |    11 |     4 |       ||    15
       Distracted        |       |       |     3 |       |       ||     3
  Eat: Chunk             |       |     6 |     9 |       |       ||    15
       Royal jelly       |       |       |     1 |       |       ||     1
       Fruit             |       |       |       |    15 |       ||    15
       Meat ration       |       |       |       |     2 |       ||     2
Armor: Leather armour    |    24 |    67 |    51 |    23 |       ||   165
       Plate armour      |       |       |       |   100 |     6 ||   106
Dodge: Dodged            |    55 |   100 |   145 |   143 |     2 ||   445
